 Dungeon Crawl Stone Soup version 0.19-a0-1815-g4007336 (webtiles) character file.

38 JeffiDaFish the Sneak (level 3, -2/24 HPs)
             Began as a Vampire Enchanter on Oct 5, 2016.
             Slain by a goblin (4 damage)
             ... led by Robin
             ... on level 2 of the Dungeon.
             The game lasted 00:04:12 (1888 turns).

JeffiDaFish the Sneak (Vampire Enchanter)           Turns: 1888, Time: 00:04:13

Health: -2/24      AC:  3    Str:  8    XL:     3   Next: 25%
Magic:  6/6        EV: 13    Int: 17    God:
Gold:   53         SH:  0    Dex: 14    Spells: 1 memorised, 5 levels left

rFire  . . .     SeeInvis +     e - +2 dagger (vamp)
rCold  . . .     Gourm    .     b - +1 robe
rNeg   + . .     Faith    .     (no shield)
rPois  .         Spirit   .     (no helmet)
rElec  .         Dismiss  .     (no cloak)
rCorr  .         Reflect  .     (no gloves)
MR     .....     Harm     .     (no boots)
Stlth  +++.......               (no amulet)
                                (no ring)
                                (no ring)

@: no status effects
A: fangs 3, see invisible, unbreathing
a: Bat Form


You were on level 2 of the Dungeon.
You were not thirsty.

You visited 1 branch of the dungeon, and saw 2 of its levels.

You collected 53 gold pieces.

Inventory:

Hand Weapons
 a - a +2 dagger
 e - a +2 vampiric dagger (weapon)
Armour
 b - a +1 robe (worn)
Scrolls
 h - a scroll of remove curse
Potions
 d - 3 potions of blood
 f - a potion of might
 g - a potion of curing
Books
 c - a book of Maledictions

   Spells                             Type                      Level
   a - Corona                         Hexes                        1
   b - Ensorcelled Hibernation        Hexes/Ice                    2
   c - Confuse                        Hexes                        3
   d - Tukima's Dance                 Hexes                        3
   e - Dazzling Spray                 Conjuration/Hexes            3


   Skills:
 + Level 1.4 Short Blades
 + Level 2.6 Dodging
 + Level 5.4 Stealth
 + Level 2.1 Spellcasting
 + Level 4.9 Hexes


You had 5 spell levels left.
You knew the following spells:

 Your Spells              Type           Power        Failure   Level  Hunger
a - Corona                Hex            ###....      2%          1    #......


Dungeon Overview and Level Annotations

Branches:
Dungeon (2/15)

Altars:
Hepliaklqana

Annotations:
D:2 Robin


Innate Abilities, Weirdness & Mutations

You have razor-sharp teeth.
You have supernaturally acute eyesight. (SInv)
You can survive without breathing.


Message History

* * * LOW HITPOINT WARNING * * *
Robin hits you but does no damage.
You hit Robin but do no damage.
Robin is lightly wounded.
The hobgoblin hits you with a club.
* * * LOW HITPOINT WARNING * * *
The goblin hits you but does no damage. The goblin closely misses you.
Robin closely misses you.
You hit Robin but do no damage.
Robin is lightly wounded.
The hobgoblin hits you but does no damage.
The goblin closely misses you. The goblin hits you but does no damage.
Robin hits you but does no damage.
You hit Robin. You bite Robin.
Robin is lightly wounded.
The hobgoblin hits you but does no damage.
Robin roars a battlecry!
The hobgoblin goes into a battle-frenzy!
The goblin hits you.
You die...

.g.g....g..gg...###.#........
.g.g.....g###..g..#.#.##.#.#.
g......g.## ###gg........#.#.
....##...# #..##..#.##.#.#.
#.# #8...8####.g[........# ..
# ##...##.....##...##.####.
#...##.###.##...#8.8#...
#...####gg..............
8...8#g@g#.##...#8.8###.
#g###....#.##.##.#. ###
#.(##..##.##.#.
#...#.......##.<.
...##......####.. ##.
#......#..... # #........###.
#.....>### #. #.....(# #.


You could see Robin, 2 hobgoblins and 2 goblins.

Vanquished Creatures
  2 dart slugs
  A leopard gecko (D:2)
  A ball python (D:1)
  A bat (D:2)
  3 giant cockroaches (D:1)
  3 hobgoblins
  4 jackals (D:1)
  A quokka (D:2)
  A frilled lizard (D:2)
  7 goblins
  4 kobolds
28 creatures vanquished.

Notes
Turn   | Place    | Note
-------+----------+-------------------------------------------
     0 | D:1      | JeffiDaFish the Vampire Enchanter began the quest for the Orb.
     0 | D:1      | Reached XP level 1. HP: 13/13 MP: 3/3
   756 | D:1      | Reached XP level 2. HP: 14/19 MP: 5/5
  1018 | D:1      | Reached skill level 5 in Stealth
  1798 | D:2      | Found a hazy altar of Hepliaklqana.
  1805 | D:2      | Reached XP level 3. HP: 19/24 MP: 6/6
  1836 | D:2      | Noticed Robin
  1886 | D:2      | HP: 1/24 [hobgoblin/club[Robin] (4)]
  1888 | D:2      | Slain by a goblin

Vault maps used:
D:1:      dpeg_arrival_stone_temple_mockup
D:2:      lemuel_round_altar, first_bread, serial_corexii_hall,
          corexii_hall_statues_deadend, corexii_hall_statues_deadend,
          small_statue_intersection, uniq_robin

Skill      XL: |  1  2 |
---------------+-------+-----
Stealth        | 5 |  5.4
Short Blades   | |  1.4
Dodging        | |  2.6
Spellcasting   | |  2.1
Hexes          | |  4.9

Action                   || total
-------------------------++-------
Melee: Dagger            ||   143
       Bite              ||     7
  Use: Scroll            ||     7
       Potion            ||     6
 Stab: Sleeping          ||     6
       Distracted        ||     1
Armor: Robe              ||    33
Dodge: Dodged            ||   110
